 Dungeon Crawl Stone Soup version 0.30-a0-989-g0d87f670db (webtiles) character file.

Game seed: 8683596577754693913

2164 mopl the Thaumaturge (level 9, 0/51 HPs)
             Began as an Octopode Hedge Wizard on Apr 3, 2023.
             Was a Follower of Vehumet.
             Slain by a wight
             ... wielding a +0 scimitar
              (7 damage)
             ... on level 7 of the Dungeon.
             The game lasted 00:10:30 (5880 turns).

mopl the Thaumaturge (Octopode Hedge Wizard)        Turns: 5880, Time: 00:10:31

Health: 0/51       AC:  1    Str: 10    XL:     9   Next: 32%
Magic:  15/21      EV: 18    Int: 20    God:    Vehumet [*.....]
Gold:   365        SH:  0    Dex: 17    Spells: 18/24 levels left

rFire   + . .      SeeInvis .    a - +1 short sword (elec)
rCold   . . .      Faith    .    (no shield)
rNeg    . . .      Spirit   .    b - +0 hat
rPois   .          Reflect  .    (no amulet)
rElec   .          Rampage  .    y - ring of protection from fire
rCorr   .                        A - +5 ring of evasion
Will    .....                    C - +6 ring of dexterity
Stlth   +++                      (no ring)
HPRegen 0.28/turn                (no ring)
MPRegen 0.17/turn                (no ring)
                                 (no ring)
                                 (no ring)

@: on blink cooldown
A: almost no armour, amphibious, 8 rings, camouflage 1, gelatinous body 1,
(nimble swimmer 1), tentacles
a: Renounce Religion


You were on level 7 of the Dungeon.
You worshipped Vehumet.
Vehumet was aware of your devotion.
You visited 2 branches of the dungeon, and saw 8 of its levels.
You also visited: Sewer.

You collected 365 gold pieces.

Inventory:

Hand Weapons
 a - a +1 short sword of electrocution (weapon)
 e - a +0 dagger of speed
 E - a +1 spear of pain
 F - a +2 long sword of flaming
Missiles
 i - 4 poisoned darts
 p - 5 boomerangs
Armour
 b - a +0 hat (worn)
Jewellery
 y - a ring of protection from fire (left tentacle)
 A - a +5 ring of evasion (right tentacle)
 C - a +6 ring of dexterity (on tentacle)
Wands
 h - a wand of charming (11)
Scrolls
 d - 2 scrolls of butterflies {unknown}
 f - 2 scrolls of fear {unknown}
 g - a scroll of enchant weapon {unknown}
 j - 3 scrolls of identify {unknown}
 l - 2 scrolls of amnesia {unknown}
 n - 4 scrolls of vulnerability {unknown}
 o - 2 scrolls of immolation {unknown}
 r - 4 scrolls of torment {unknown}
 s - a scroll of poison {unknown}
 t - 2 scrolls of teleportation {unknown}
 u - 2 scrolls of fog {unknown}
 z - a scroll of noise {unknown}
 D - a scroll of enchant armour {unknown}
Potions
 c - 2 potions of magic
 k - 2 potions of haste {unknown}
 m - 4 potions of curing
 q - 2 potions of heal wounds {unknown}
 v - 5 potions of flight
 w - 3 potions of mutation {!q}
 x - a potion of resistance {unknown}
 B - 2 potions of cancellation {unknown}


   Skills:
 - Level 2.0 Dodging
 - Level 2.6 Stealth
 + Level 8.0 Spellcasting
 + Level 8.0 Conjurations
 - Level 1.0 Summonings
 - Level 4.0 Translocations


You had 18 spell levels left.
You knew the following spells:

 Your Spells              Type           Power      Damage    Failure   Level
a - Magic Dart            Conj           100%       1d8       1%          1
c - Mephitic Cloud        Conj/Pois/Air  18%        N/A       9%          3
e - Blink                 Tloc           48%        N/A       2%          2

Your spell library contained the following spells:

 Spells                   Type           Power      Damage    Failure   Level
 Sandblast                Erth           16%        2d6       9%          1
 Shock                    Conj/Air       96%        1d9       1%          1
 Slow                     Hex            32%        N/A       9%          1
 Call Imp                 Summ           12%        N/A       9%          2
 Cigotuvi's Dreadful Rot  Necr/Pois/Air  16%        N/A       13%         2
 Manifold Assault         Tloc           24%        N/A       16%         4
 Ozocubu's Armour         Ice            8%         N/A       26%         3
 Swiftness                Air            8%         N/A       26%         3
 Airstrike                Air            4%         2d(1-17)  63%         4
 Dispersal                Tloc           12%        N/A       94%         6
 Ozocubu's Refrigeration  Ice            4%         4d8       100%        7
 Disjunction              Tloc           12%        N/A       100%        8


Dungeon Overview and Level Annotations

Branches:
Dungeon (7/15)             Temple (1/1) D:5           Sewer (visited)

Altars:
Ashenzari
Cheibriados
Dithmenos
Elyvilon
Fedhas
Gozag
Kikubaaqudgha
Makhleb
Okawaru
Qazlal
Ru
Sif Muna
Uskayaw
Vehumet
Wu Jian
Xom
Yredelemnul
Zin
The Shining One

Shops:
D:7 [

Annotations:
D:4 1 runed translucent door, Crazy Yiuf, Dowan, Duvessa
D:5 1 runed translucent door, Kebab's ghost, novice OpTm
D:6 bb


Innate Abilities, Weirdness & Mutations

You cannot wear most types of armour.
You are amphibious.
You can wear up to eight rings at the same time.
Your skin changes colour to match your surroundings (Stealth+).
Your rubbery body absorbs attacks. (AC +1, EV +1)
((You are camouflaged when in or above water. (Stealth+)))
You have tentacles for arms and can constrict up to eight enemies at once.


Message History

There is an open door here.
There is an open door here.
You see here a +0 dagger.
There is an open door here.
There is an open door here.
There is a stone staircase leading up here.
You climb upwards.
Level annotation: bb
Found 6 stones and 17 gold pieces.
There is a stone staircase leading down here.
There are monsters nearby!
The magic dart hits the wight.
The wight is moderately damaged.
The magic dart hits the wight.
The wight is heavily damaged.
The magic dart hits the wight but does no damage.
The wight is heavily damaged.
The magic dart hits the wight but does no damage.
The wight is heavily damaged.
The hound misses you. The wight hits you with a +0 scimitar!
The hound completely misses you.
The wight hits you from afar with a +3 trident of freezing!
The wight freezes you.
* * * LOW HITPOINT WARNING * * *
You climb downwards.
There is a stone staircase leading up here.
Casting: Magic Dart (safe; 1% risk of failure)
Confirm with . or Enter, or press ? or * to list all spells.
You blink.
The wight attacks as you move away! The wight hits you with a +0 scimitar!
* * * LOW HITPOINT WARNING * * *
The hound misses you.
You feel stable enough to blink again.
Casting: Blink (safe; 2% risk of failure)
Confirm with . or Enter, or press ? or * to list all spells.
You blink.
The hound barely misses you. The hound misses you.
The hound attacks as you move away! The hound bites you.
* * * LOW HITPOINT WARNING * * *
The wight attacks as you move away! The wight hits you with a +0 scimitar!
You die...

#.##....#.###...)........#
#.##....#.# #.#####.####.# ####
........#.###[# #..# #.# #...
#.###...#.....# ##.# #.# #...
..#..#..#.##..# #.###.#####...
...#####..##..# #..##.....#...
..##...#####..#######........#...
..##.>.## ##..h.............'...
..##....#####'#z@.<..........#...
..###...##......#########..######
..###....#......# #....∩...###
....##..........# #.###.#..)..
.....#.⌠...###### #.# #.#.##.#
..####....#...# #.# #.#.#...
..###....##...########.# #.......
...##...###...#........#####.#.##
#..#....#.#...#[#####............


You could see a hound and a wight.

Vanquished Creatures
  Joseph (D:7)
  Maggie (D:7)
  Menkaure (D:7)
  A water moccasin (D:5)
  An orc warrior (D:7)
  An ice beast (D:5)
  2 ogres
  A phantom (D:7)
  Blork the orc (D:6)
  2 scorpions
  4 killer bees (D:7)
  4 hounds
  An orc priest (D:3)
  2 jellies
  A sleepcap (D:5)
  3 iguanas
  5 adders
  7 gnolls
  A river rat (Sewer)
  A shadow imp (D:7)
  2 white imps (D:7)
  An ufetubus (D:6)
  3 worms
  2 dart slugs (D:2)
  13 orcs
  10 ball pythons
  9 endoplasms
  8 giant cockroaches
  5 goblins
  6 hobgoblins
  6 jackals
  8 kobolds
  2 quokkas
  8 bats
  5 frilled lizards
  6 rats
135 creatures vanquished.

Vanquished Creatures (others)
  A fungus (D:4)
  2 withered plants (D:5)
3 creatures vanquished.

Grand Total: 138 creatures vanquished

Notes
Turn   | Place    | Note
-------+----------+-------------------------------------------
     0 | D:1      | mopl the Octopode Hedge Wizard began the quest for the Orb.
     0 | D:1      | Reached XP level 1. HP: 11/11 MP: 4/4
   251 | D:1      | Reached XP level 2. HP: 17/17 MP: 3/6
   570 | D:1      | Reached XP level 3. HP: 16/21 MP: 2/7
   733 | D:2      | Reached skill level 2 in Translocations
   947 | D:3      | Reached skill level 2 in Conjurations
  1616 | D:4      | Identified the +6 plate armour of Qielodgh {SInv}
  1625 | D:4      | Reached XP level 4. HP: 9/27 MP: 6/9
  1628 | D:4      | Learned a level 2 spell: Blink
  1632 | D:4      | Learned a level 3 spell: Mephitic Cloud
  1704 | D:4      | Reached XP level 5. HP: 31/31 MP: 8/10
  1782 | D:4      | Found a glowing drain.
  1791 | Sewer    | Entered a sewer
  1878 | Sewer    | Reached skill level 3 in Translocations
  1884 | Sewer    | Reached skill level 4 in Spellcasting
  2023 | Sewer    | Reached skill level 3 in Conjurations
  2037 | Sewer    | HP: 2/46 [poisoned by an adder]
  2463 | D:4      | Noticed Duvessa
  2612 | D:3      | Reached XP level 6. HP: 7/36 MP: 8/12
  2983 | D:4      | Found a runed translucent door.
  2984 | D:4      | Noticed Crazy Yiuf
  3165 | D:4      | Noticed Dowan
  3260 | D:5      | Entered Level 5 of the Dungeon
  3272 | D:5      | Found a runed translucent door.
  3274 | D:5      | Noticed Kebab's ghost (novice OpTm)
  3581 | D:5      | Noticed an ice beast
  3596 | D:5      | Killed an ice beast
  3597 | D:5      | Reached skill level 4 in Conjurations
  3597 | D:5      | Reached skill level 4 in Translocations
  3597 | D:5      | Reached XP level 7. HP: 9/41 MP: 5/14
  3741 | D:5      | Reached skill level 5 in Spellcasting
  3774 | D:5      | Found a staircase to the Ecumenical Temple.
  3794 | Temple   | Entered the Ecumenical Temple
  3853 | Temple   | Became a worshipper of Vehumet
  3882 | D:5      | Reached skill level 5 in Conjurations
  4300 | D:6      | Noticed a steam dragon
  4324 | D:6      | Noticed Blork the orc
  4334 | D:6      | Killed Blork the orc
  4335 | D:6      | Reached XP level 8. HP: 46/46 MP: 9/16
  4350 | D:6      | Reached skill level 6 in Spellcasting
  4758 | D:7      | Noticed Menkaure
  4766 | D:7      | Reached skill level 6 in Conjurations
  4768 | D:7      | Killed Menkaure
  4832 | D:7      | Noticed Joseph
  4915 | D:7      | Killed Joseph
  4916 | D:7      | Reached skill level 7 in Spellcasting
  4916 | D:7      | Reached skill level 7 in Conjurations
  5033 | D:7      | Reached XP level 9. HP: 46/51 MP: 16/20
  5059 | D:7      | Found Macvukaw's Antique Armour Boutique.
  5101 | D:7      | Reached * piety under Vehumet
  5101 | D:7      | Offered knowledge of Sandblast by Vehumet.
  5219 | D:7      | Noticed Maggie
  5237 | D:7      | Killed Maggie
  5573 | D:7      | Reached skill level 8 in Spellcasting
  5573 | D:7      | Reached skill level 8 in Conjurations
  5880 | D:7      | Slain by a wight

Illustrated notes

Levels and vault maps discovered:
D:1:      mainiacjoe_arrival_reflecting_pool, layout_basic, minmay_door_square
D:2:      layout_rooms
D:3:      layout_basic
D:4:      layout_gridville, gup_sewer_entry_bubbles, uniq_crazy_yiuf_cottage,
          uniq_duvessa
D:5:      layout_cave_pools, minmay_temple_entry_offerings,
          gammafunk_ghost_grave
D:6:      layout_rooms, nicolae_wooded_promenade, kennysheep_minor_cross,
          amcnicky_mini_corridor_feature, uniq_blork_the_orc
D:7:      layout_basic, serial_shops, shop, grunt_ministairs_12, uniq_joseph,
          uniq_maggie, uniq_menkaure
Temple:   nicolae_temple_bog_church

Skill      XL: |  1  2  3  4  5  6  7  8  9 |
---------------+----------------------------+-----
Translocations | 2 3 4 |  4.0
Conjurations   | 2 3 4 5 7 8 |  8.0
Spellcasting   | 4 5 7 8 |  8.0
Dodging        | |  2.0
Stealth        | |  2.6
Summonings     | |  1.0

Action                     |  1- 3 |  4- 6 |  7- 9 || total
---------------------------+-------+-------+-------++-------
  Melee: Short sword       |    55 |   127 |    88 ||   270
         Constrict         |    17 |    21 |    15 ||    53
         Dagger            |     1 |       |       ||     1
         Tentacles         |     9 |    18 |    24 ||    51
         Punch             |       |       |     2 ||     2
   Cast: Magic Dart        |    63 |    61 |    80 ||   204
         Blink             |       |     2 |     3 ||     5
         Mephitic Cloud    |       |       |     7 ||     7
    Use: Potion            |       |     1 |     1 ||     2
   Stab: Sleeping          |     2 |    11 |     1 ||    14
         Confused          |       |       |     5 ||     5
 Armour: Skin              |     3 |     5 |     1 ||     9
  Dodge: Dodged            |    38 |    84 |    78 ||   200

Table legend: (Time is in decaauts)
 A = Elapsed time spent in this place.
 B = Non-inter-level travel time spent in this place.
 C = Inter-level travel time spent in this place.
 D = Time resting spent in this place.
 E = Time spent auto-exploring this place.
 F = Levels seen in this place.
 G = Mean time per level.
                   A        B        C        D        E       F      G
               +--------+--------+--------+--------+--------+-----+--------+
         Total |   5899 |   5704 |    195 |   1139 |   3292 |   9 |  655.4 |
       Dungeon |   5207 |   5026 |    181 |   1000 |   3007 |   7 |  743.9 |
        Temple |     73 |     59 |     14 |      0 |     42 |   1 |   73.0 |
         Sewer |    618 |    618 |      0 |    139 |    243 |   1 |  618.0 |
               +--------+--------+--------+--------+--------+-----+--------+

Top non-repeatable levels by time:
     D:7: 1422 daAuts
     D:3: 991 daAuts
     D:5: 930 daAuts
     D:4: 792 daAuts
   Sewer: 618 daAuts
     D:1: 614 daAuts
     D:2: 313 daAuts
     D:6: 142 daAuts
  Temple: 73 daAuts
